 Dungeon Crawl Stone Soup version 0.18-a0-1774-gce1f7b6 (webtiles) character file.

7639 Oddball22 the Nimble (level 10, -2/93 HPs)
             Began as a Demigod Skald on Apr 16, 2016.
             Slain by a sky beast (6 damage)
             ... on level 10 of the Dungeon.
             The game lasted 00:24:33 (11448 turns).

Oddball22 the Nimble (Demigod Skald)               Turns: 11448, Time: 00:24:35

Health: -2/93      AC:  5    Str: 12    XL:     10   Next: 67%
Magic:  12/19      EV: 23    Int: 16    God:
Gold:   450        SH:  0    Dex: 28    Spells: 5 memorised, 5 levels left

rFire  . . .     SeeInvis .     n - +6 dagger of Voen {flame, *Rage MR+ Dex+2}
rCold  x . .     Gourm    .     x - +2 leather armour {MR+}
rNeg   . . .     Faith    .     (no shield)
rPois  .         Spirit   .     (no helmet)
rElec  .         Dismiss  .     (no cloak)
rCorr  .         Reflect  .     (no gloves)
SustAt +         Harm     .     (no boots)
MR     +++++     Rnd*Rage +     (no amulet)
Stlth  +++.......               K - ring of Rovvo {+Blink rC- MR++ Str-3 Stlth+} (curse)
                                v - +5 ring of dexterity

@: exhausted, very slightly contaminated, almost entirely resistant to hostile
enchantments, fairly stealthy
A: high mp 1, sustain attributes
a: Evoke Blink


You were on level 10 of the Dungeon.
You were not hungry.

You visited 1 branch of the dungeon, and saw 10 of its levels.

You collected 450 gold pieces.

Inventory:

Hand Weapons
 a - a +0 hand axe
 g - a +0 dagger of holy wrath
 n - the +6 dagger of Voen (weapon) {flame, *Rage MR+ Dex+2}
   (You found it on level 4 of the Dungeon)

   It has been specially enchanted to burn those struck by it, causing extra
   injury to most foes and up to half again as much damage against particularly
   susceptible opponents.
   It affects your dexterity (+2).
   It affects your resistance to hostile enchantments.
   It may make you go berserk in combat.
 y - a +2 dagger of electrocution
Missiles
 b - 68 bolts
 m - 8 silver bolts
Armour
 x - a +2 leather armour of magic resistance (worn)
Jewellery
 v - a +5 ring of dexterity (left hand)
 D - a +2 ring of protection
 J - a +2 ring of intelligence {unknown}
 K - the cursed ring of Rovvo (right hand) {+Blink rC- MR++ Str-3 Stlth+}
   (You found it on level 8 of the Dungeon)

   [ring of strength]

   It affects your strength (-3).
   It makes you vulnerable to cold.
   It affects your resistance to hostile enchantments.
   It lets you blink.
   It makes you more stealthy.
   It has a curse placed upon it.
Wands
 G - a wand of lightning (9/15)
 I - a wand of confusion (24/48)
 M - a wand of iceblast (7/15)
Scrolls
 e - a scroll of recharging {unknown}
 h - 4 scrolls of teleportation {unknown}
 l - 6 scrolls of remove curse {unknown}
 o - 2 scrolls of amnesia {unknown}
 p - a scroll of enchant weapon {unknown}
 r - a scroll of noise {unknown}
 u - 2 scrolls of blinking {unknown}
 A - a scroll of immolation {unknown}
 E - a scroll of enchant armour {unknown}
Potions
 f - 2 potions of agility
 t - 2 potions of ambrosia {unknown}
 w - a potion of magic {unknown}
 z - 2 potions of lignification {unknown}
 B - a potion of degeneration {unknown}
 F - a potion of haste
Books
 c - a book of Battle

   Spells                             Type                      Level
   a - Infusion                       Charms                       1
   b - Shroud of Golubria             Charms/Translocation         2
   c - Song of Slaying                Charms                       2
   d - Spectral Weapon                Hexes/Charms                 3
   e - Regeneration                   Charms/Necromancy            3
Comestibles
 d - 5 bread rations
 i - 5 beef jerkies
 s - 4 fruits
 C - a royal jelly
 H - 7 slices of pizza


   Skills:
 - Level 10.0 Fighting
 - Level 4.2 Axes
 - Level 0.8 Armour
 + Level 10.2 Dodging
 + Level 3.7 Spellcasting
 + Level 4.4 Charms


You had 5 spell levels left.
You knew the following spells:

 Your Spells              Type           Power        Failure   Level  Hunger
a - Infusion              Chrm           ###.         4%          1    None
b - Song of Slaying       Chrm           ###.....     8%          2    ##.....
c - Shroud of Golubria    Chrm/Tloc      ##........   14%         2    ##.....
d - Regeneration          Chrm/Necr      ##........   28%         3    ###....
e - Spectral Weapon       Hex/Chrm       ##......     28%         3    ###....


Dungeon Overview and Level Annotations

Branches:
Dungeon (10/15)            Temple (0/1) D:5             Orc (0/2) D:10
   Lair: D:8-11

Shops:
D:9 *


Innate Abilities, Weirdness & Mutations

You have an increased reservoir of magic (+10% MP).
Your attributes are resistant to harm.


Message History

The sky beast is moderately wounded.
The sky beast flickers out of sight!
Deactivating autopickup; reactivate with Ctrl-A.
Something hits you but does no damage.
You hit something. You burn something. Something misses you. x2
You hit something. You burn something. Something barely misses you.
You hit something. You burn something.
You feel yourself speed up. Something hits you but does no damage.
Something hits you.
* * * LOW HITPOINT WARNING * * *
Something shocks you.
* * * LOW HITPOINT WARNING * * *
Casting: Regeneration
Confirm with . or Enter, or press ? or * to list all spells.
You miscast Regeneration.
You are very lightly contaminated with residual magic.
Strange energies run through your body. Something hits you.
* * * LOW HITPOINT WARNING * * *
Something shocks you.
You die...

............... ####...
............... ....?.8
.............# .......
.............# ##....Z..
.............# ##Z.......
.......<.....# #..8.....>
.............# #†Z..Z..Z.
.............####Z#..ZZ...
...............@{Z#ZZZ....
...............####......8
############...# ####...
#...# .. #...# # #...#
#####


You could see an orc zombie, a hobgoblin skeleton and an orc skeleton.

Vanquished Creatures
  The ghost of spanner the Archer, a novice CeHu of Okawaru (D:8)
  A hill giant (D:7)
  Prince Ribbit (D:5)
  A wyvern (D:9)
  A human (D:7)
  5 yaks
  Grum (D:8)
  A hippogriff (D:9)
  2 hungry ghosts (D:10)
  3 ice beasts
  4 phantoms
  2 sky beasts
  A wasp (D:7)
  2 necrophages (D:9)
  4 wolves (D:8)
  5 orc warriors
  4 ogres
  3 centaurs
  A crocodile (D:9)
  3 giant frogs
  A water moccasin zombie (D:8)
  3 scorpions
  A troll zombie (D:10)
  A water moccasin skeleton (D:4)
  3 howler monkeys
  4 crimson imps
  3 centaur zombies
  A quasit (D:8)
  5 hounds
  3 jellies
  8 orc priests
  A centaur skeleton (D:8)
  A giant frog skeleton (D:10)
  9 orc wizards
  6 worker ants
  4 iguanas
  3 sheep (D:7)
  A killer bee zombie (D:9)
  4 ogre zombies (D:10)
  A howler monkey zombie (D:8)
  3 gnolls (D:8)
  15 adders
  2 shadow imps (D:9)
  An ooze (D:1)
  2 worms
  An adder skeleton (D:4)
  2 adder zombies
  2 dart slugs
  7 giant geckos
  30 orcs
  6 bats
  2 giant cockroaches
  9 goblins
  7 hobgoblins
  7 jackals
  5 quokkas
  A giant gecko zombie (D:5)
  3 giant newts
  A goblin skeleton (D:10)
  A goblin zombie (D:10)
  A hobgoblin zombie (D:10)
  A jackal skeleton (D:4)
  8 kobolds
  3 orc skeletons (D:10)
  3 orc zombies (D:10)
  3 quokka skeletons
  8 rats
  A fungus (D:1)
244 creatures vanquished.

Vanquished Creatures (others)
  A lightning spire (D:7)
  A giant gecko (D:5)
  3 bushes (D:7)
5 creatures vanquished.

Grand Total: 249 creatures vanquished

Notes
Turn   | Place    | Note
--------------------------------------------------------------
     0 | D:1      | Oddball22 the Demigod Skald began the quest for the Orb.
     0 | D:1      | Reached XP level 1. HP: 17/17 MP: 5/5
   155 | D:1      | Reached skill level 1 in Dodging
   269 | D:1      | Reached XP level 2. HP: 7/24 MP: 7/7
  1041 | D:2      | Reached XP level 3. HP: 26/29 MP: 8/8
  1113 | D:2      | Found a glowing silver altar of Zin.
  1184 | D:2      | Found a glowing golden altar of the Shining One.
  1690 | D:2      | Learned a level 2 spell: Song of Slaying
  1693 | D:2      | Learned a level 2 spell: Shroud of Golubria
  2121 | D:3      | Reached XP level 4. HP: 34/37 MP: 9/9
  3056 | D:3      | Found a sacrificial altar of Ru.
  3056 | D:3      | Found a bloodstained altar of Trog.
  3512 | D:4      | Reached XP level 5. HP: 14/45 MP: 10/10
  3866 | D:4      | Noticed an ogre
  3885 | D:4      | Killed an ogre
  4041 | D:4      | Reached XP level 6. HP: 44/52 MP: 11/11
  4396 | D:4      | Got an ichor-stained dagger
  4526 | D:5      | Entered Level 5 of the Dungeon
  4535 | D:5      | Found a glowing silver altar of Zin.
  4714 | D:5      | Identified the +6 dagger of Voen {flame, *Rage MR+ Dex+2} (You found it on level 4 of the Dungeon)
  4735 | D:5      | Learned a level 3 spell: Regeneration
  4809 | D:5      | HP: 2/52 [centaur (8)]
  5137 | D:5      | Noticed Prince Ribbit
  5147 | D:5      | Killed Prince Ribbit
  5147 | D:5      | Reached skill level 5 in Fighting
  5147 | D:5      | Reached XP level 7. HP: 61/61 MP: 6/12
  5250 | D:5      | Reached skill level 5 in Dodging
  5383 | D:5      | Found a staircase to the Ecumenical Temple.
  5716 | D:5      | Reached XP level 8. HP: 51/70 MP: 4/13
  6953 | D:6      | Found a basalt altar of Yredelemnul.
  7006 | D:6      | Found a white marble altar of Elyvilon.
  7472 | D:7      | Reached XP level 9. HP: 67/81 MP: 5/14
  8115 | D:7      | Learned a level 3 spell: Spectral Weapon
  8133 | D:7      | Found an oddly glowing altar of Pakellas.
  8137 | D:7      | Noticed a sphinx
  8146 | D:7      | Noticed a hill giant
  8158 | D:7      | Killed a hill giant
  8544 | D:8      | Noticed Grum
  8571 | D:8      | Killed Grum
  9025 | D:8      | Noticed spanner's ghost (novice CeHu)
  9047 | D:8      | Killed spanner's ghost
  9047 | D:8      | Reached XP level 10. HP: 92/92 MP: 8/15
  9606 | D:8      | Found a blossoming altar of Fedhas.
  9627 | D:8      | Reached skill level 10 in Fighting
  9636 | D:8      | Got a heavily runed lapis lazuli ring
  9761 | D:8      | Identified the cursed ring of Rovvo {+Blink rC- MR++ Str-3 Stlth+} (You found it on level 8 of the Dungeon)
  9874 | D:9      | Found Noesu's Assorted Antiques.
 11296 | D:10     | Entered Level 10 of the Dungeon
 11317 | D:10     | Found a staircase to the Orcish Mines.
 11330 | D:10     | Reached skill level 10 in Dodging
 11448 | D:10     | HP: 4/93 [something (3)]
 11448 | D:10     | Slain by a sky beast

Vault maps used:
D:1:      dpeg_cavernosity, st_stairs_10
D:2:      lemuel_doored_altar, tso_metal_star
D:3:      gammafunk_temple_overflow_wave, first_bread
D:4:      kennysheep_dice
D:5:      lemuel_temple_firewalk_marked, basic_altar, small_statue_intersection,
          uniq_prince_ribbit1
D:6:      kennysheep_ying_yang
D:7:      gammafunk_pakellas_spire_experiment, grunt_livestock,
          roderic_lattice_a
D:8:      nicolae_overflow_hidden_temple, uniq_grum
D:9:      serial_shops, shop_statue
D:10:     zombieorc2_lemuel, minmay_evil_grid

Skill      XL: |  1  2  3  4  5  6  7  8  9 10 |
---------------+-------------------------------+-----
Dodging        | 1 2 3 4 5 7 9 10 | 10.2
Axes           | 2 3 4 |  4.2
Fighting       | 2 3 5 6 7 9 10 | 10.0
Spellcasting   | 3 |  3.7
Charms         | 4 |  4.4
Armour         | |  0.8

Action                   |  1- 3 |  4- 6 |  7- 9 | 10-12 || total
-------------------------+-------+-------+-------+-------++-------
Melee: Hand axe          |   143 |   135 |       |       ||   278
       Dagger            |       |    22 |   347 |   375 ||   744
 Cast: Infusion          |     2 |     7 |    16 |     5 ||    30
       Shroud of Golubri |       |     1 |     2 |       ||     3
       Song of Slaying   |       |       |     4 |     3 ||     7
       Regeneration      |       |       |       |     2 ||     2
 Abil: Evoke Blink       |       |       |       |     1 ||     1
  Use: Scroll            |       |     1 |     4 |     1 ||     6
       Potion            |       |       |       |     6 ||     6
 Stab: Sleeping          |     2 |     1 |     1 |     4 ||     8
       Distracted        |       |       |       |     2 ||     2
  Eat: Chunk             |     4 |    10 |    21 |    15 ||    50
       Beef jerky        |       |       |     1 |       ||     1
       Meat ration       |       |       |       |     1 ||     1
Armor: Leather armour    |    31 |    28 |    53 |    42 ||   154
Dodge: Dodged            |    97 |   103 |   272 |   381 ||   853
